 Dungeon Crawl Stone Soup version 0.26.0-3-g156281e41b (webtiles) character file.

Game seed: 15412567115714001081

9632 Jerry the Cleaver (level 11, -10/99 HPs)
             Began as a Ghoul Delver on Jan 9, 2021.
             Was an Initiate of Gozag.
             Mangled by a komodo dragon (18 damage)
             ... on level 1 of the Lair of Beasts.
             The game lasted 00:54:54 (11125 turns).

Jerry the Cleaver (Ghoul Delver)                   Turns: 11125, Time: 00:54:54

Health: -10/99     AC: 11    Str: 18    XL:     11   Next: 49%
Magic:  10/10      EV: 11    Int:  7    God:    Gozag
Gold:   337        SH:  5    Dex: 10    Spells: 10/10 levels left

rFire    . . .     SeeInvis .   v - +5 war axe (elec)
rCold    + + +     Faith    .   (no shield)
rNeg     + + +     Spirit   .   b - +2 ring mail {Will+}
rPois    ∞         Reflect  +   (no helmet)
rElec    .         Harm     .   (no cloak)
rCorr    .         Rampage  .   (no gloves)
Will     +....                  i - +1 pair of boots
Stlth    +++.......             B - amulet "Coibrih" {Reflect rC+ SH+5}
HPRegen  0.00/turn              m - ring of protection from cold
MPRegen  0.12/turn              n - ring of stealth

@: gold aura
A: claws 1, cold resistance 1, negative energy resistance 3, inhibited
regeneration, torment resistance, unbreathing
a: Renounce Religion, Potion Petition, Call Merchant, Bribe Branch


You were on level 1 of the Lair of Beasts.
You worshipped Gozag.
Gozag was aware of your devotion.
You visited 3 branches of the dungeon, and saw 12 of its levels.

You collected 1568 gold pieces.
You spent 440 gold pieces at shops.
You paid 791 gold pieces to Gozag.

Inventory:

Hand Weapons
 f - a +0 whip of flaming
 v - a +5 war axe of electrocution (weapon)
Missiles
 o - 16 poisoned darts (quivered)
Armour
 b - a +2 ring mail of willpower (worn)
 i - a +1 pair of boots (worn)
 w - a +3 scale mail
Jewellery
 m - a ring of protection from cold (left claw)
 n - a ring of stealth (right claw)
 B - the amulet "Coibrih" (around neck) {Reflect rC+ SH+5}
   (You bought it in a shop on level 9 of the Dungeon)

   [amulet of reflection]

   It shields you and reflects attacks.
   It protects you from cold.
   It affects your SH (+5).
Wands
 g - a wand of digging (6)
 h - a wand of paralysis (11)
 l - a wand of random effects (15)
 x - a wand of polymorph (11)
 y - a wand of iceblast (9)
Scrolls
 c - 2 scrolls of fog
 d - 2 scrolls of magic mapping
 e - a scroll of fear
 j - 4 scrolls of remove curse
 k - 2 scrolls of blinking
 p - 2 scrolls of identify
 s - 4 scrolls of teleportation
 D - a scroll of enchant armour
Potions
 a - 4 potions of cancellation
 r - 3 potions of heal wounds
 t - 2 potions of invisibility
 u - 4 potions of flight
 z - 5 potions of curing
 A - 2 potions of attraction
Miscellaneous
 q - a lightning rod (4/4)


   Skills:
 - Level 10.0 Fighting
 * Level 11.0(11.2) Axes
 - Level 3.4(7.9) Maces & Flails
 + Level 8.1 Armour
 - Level 1.7 Dodging
 - Level 5.8 Stealth


You had 10 spell levels left.
You didn't know any spells.
Your spell library contained the following spells:

 Spells                   Type           Power        Failure   Level
 Animate Skeleton         Necr           0%           58%         1
 Apportation              Tloc           0%           58%         1
 Corona                   Hex            0%           58%         1
 Magic Dart               Conj           0%           58%         1
 Summon Small Mammal      Summ           0%           58%         1
 Searing Ray              Conj           0%           75%         2
 Confusing Touch          Hex            0%           92%         3
 Dazzling Flash           Conj/Hex       0%           92%         3
 Gell's Gravitas          Tloc           0%           92%         3
 Fulminant Prism          Conj/Hex       0%           100%        4
 Iskenderun's Mystic Bla  Conj/Tloc      0%           100%        4
 Petrify                  Tmut/Erth      0%           100%        4
 Metabolic Englaciation   Hex/Ice        0%           100%        5
 Yara's Violent Unravell  Hex/Tmut       0%           100%        5


Dungeon Overview and Level Annotations

Branches:
Dungeon (10/15)            Temple (1/1) D:7            Lair (1/6) D:9
    Orc: D:9-12

Altars:
Ashenzari
Cheibriados
Dithmenos
Elyvilon
Fedhas
Gozag
Hepliaklqana
Kikubaaqudgha
Makhleb
Nemelex Xobeh
Okawaru
Qazlal
Ru
Sif Muna
Trog
Uskayaw
Vehumet
Wu Jian
Xom
Yredelemnul
Zin
The Shining One

Shops:
D:7 }   D:9 =

Annotations:
D:10 Sonja


Innate Abilities, Weirdness & Mutations

You thrive by killing the living.
You are immune to poison.
You have sharp fingernails.
Your flesh is cold resistant. (rC+)
You are immune to negative energy. (rN+++)
You do not regenerate when monsters are visible.
You are immune to unholy pain and torment.
You can survive without breathing.


Message History

You hit the cane toad.
The cane toad is severely wounded.
The cane toad stings you!!
* * * LOW HITPOINT WARNING * * *
You block the komodo dragon's attack. The cane toad stings you!
* * * LOW HITPOINT WARNING * * *
You barely miss the cane toad.
The cane toad is severely wounded.
The cane toad misses you.
You slash the cane toad!
The cane toad is almost dead.
You hit the komodo dragon. The komodo dragon barely misses you.
The cane toad misses you.
You slash the cane toad!
Lightning courses through the cane toad!
You kill the cane toad!
You barely miss the komodo dragon. The komodo dragon bites you!!
You die...
Your body crumbles into a pile of gold.

##....... #
#........ #
#........
#........ #
##$.......
# #...# #
####...# ..
# #.#.l$##
.... #
#....@.#
......# ###
#.....##
#......##..
#......##
#.........
#P......#
#.........
#.......#
#.........
##.....###
#........
#....###
#.......#
#....#
#.......#
###....#
##...P###


You could see a komodo dragon.

Vanquished Creatures
  Harold (D:7)
  Nergalle (Lair:1)
  Pikel (D:4)
  An orc sorcerer (D:9)
  A manticore (D:10)
  A cane toad (Lair:1)
  A black mamba (Lair:1)
  2 komodo dragons (Lair:1)
  9 yaks
  A vampire (D:9)
  Eustachio (D:6)
  Duvessa (D:4)
  4 water moccasins
  4 orc warriors
  3 ice beasts
  A phantom (D:6)
  A necrophage (D:8)
  3 sky beasts
  2 centaurs
  7 ogres
  8 bullfrogs
  Dowan (D:4)
  A scorpion (D:9)
  3 wights (D:9)
  3 killer bees (D:9)
  3 howler monkeys (D:8)
  A centaur zombie (D:9)
  A hound (D:9)
  2 bullfrog zombies
  A centaur skeleton (D:6)
  7 orc priests
  2 bullfrog skeletons (D:9)
  8 orc wizards
  3 iguanas
  12 worker ants
  A hound skeleton (D:4)
  A worker ant zombie (D:6)
  15 adders
  3 gnolls (D:3)
  A howler monkey skeleton (D:4)
  A shadow imp (D:5)
  A white imp (D:6)
  An ufetubus (D:9)
  2 oozes
  An adder zombie (D:8)
  3 worms
  A dart slug (D:2)
  4 leopard geckos
  22 orcs
  8 bats
  2 giant cockroaches
  11 goblins
  4 hobgoblins
  22 jackals
  9 quokkas
  2 frilled lizards (D:2)
  8 kobolds
  A leopard gecko skeleton (D:7)
  A quokka zombie (D:2)
  5 rats
232 creatures vanquished.

Vanquished Creatures (others)
  13 fungi
  22 plants
  6 toadstools (D:1)
  A withered plant (D:6)
42 creatures vanquished.

Grand Total: 274 creatures vanquished

Notes
Turn   | Place    | Note
-------+----------+-------------------------------------------
     0 | D:5      | Jerry the Ghoul Delver began the quest for the Orb.
     0 | D:5      | Reached XP level 1. HP: 19/19 MP: 0/0
    66 | D:5      | Noticed an ogre
   100 | D:4      | Noticed a worker ant
   134 | D:4      | Noticed an iguana
   517 | D:4      | Reached XP level 2. HP: 11/26 MP: 1/1
  1111 | D:1      | Reached XP level 3. HP: 33/33 MP: 2/2
  1762 | D:2      | Reached skill level 1 in Armour
  1899 | D:2      | Reached XP level 4. HP: 14/40 MP: 3/3
  3053 | D:3      | Reached XP level 5. HP: 43/46 MP: 4/4
  3617 | D:3      | Reached skill level 1 in Axes
  4014 | D:4      | Reached XP level 6. HP: 53/53 MP: 5/5
  4139 | D:4      | Noticed Duvessa
  4152 | D:4      | Killed Duvessa
  4152 | D:4      | Noticed Dowan
  4153 | D:4      | Reached skill level 2 in Axes
  4162 | D:4      | Killed Dowan
  4163 | D:4      | Reached skill level 5 in Fighting
  4163 | D:4      | Reached XP level 7. HP: 52/61 MP: 6/6
  4415 | D:4      | Noticed Pikel
  4466 | D:4      | Killed Pikel
  4467 | D:4      | Reached skill level 4 in Axes
  4467 | D:4      | Reached XP level 8. HP: 67/70 MP: 7/7
  4549 | D:4      | Found a sparkling altar of Nemelex Xobeh.
  4772 | D:4      | Reached skill level 5 in Axes
  5611 | D:6      | Reached skill level 6 in Axes
  5743 | D:6      | Noticed Eustachio
  5760 | D:6      | Killed Eustachio
  5761 | D:6      | Reached XP level 9. HP: 47/79 MP: 4/8
  6046 | D:6      | Reached skill level 5 in Armour
  6249 | D:6      | Found a basalt altar of Yredelemnul.
  6643 | D:7      | Found Vorem's Gadget Boutique.
  6656 | D:7      | Found a staircase to the Ecumenical Temple.
  6701 | Temple   | Entered the Ecumenical Temple
  6861 | Temple   | Became a worshipper of Gozag Ym Sagoz the Greedy
  6915 | D:7      | Reached skill level 7 in Axes
  7009 | D:7      | Noticed Harold
  7043 | D:7      | Killed Harold
  7044 | D:7      | Reached skill level 8 in Axes
  7625 | D:7      | Reached XP level 10. HP: 88/88 MP: 9/9
  8673 | D:9      | Reached skill level 9 in Axes
  9064 | D:9      | Found a glowing golden altar of the Shining One.
  9194 | D:9      | Noticed an orc sorcerer
  9215 | D:9      | Noticed a sixfirhy
  9217 | D:9      | Killed an orc sorcerer
  9234 | D:9      | Got a pair of transparent boots
  9296 | D:9      | Identified the +2 pair of boots of the Equator {Harm rElec
                  | Regen+} (You found it on level 9 of the Dungeon)
  9803 | D:9      | Reached skill level 10 in Axes
  9885 | D:9      | Reached XP level 11. HP: 97/97 MP: 10/10
  9911 | D:9      | Found a staircase to the Lair.
 10007 | Lair:1   | Entered Level 1 of the Lair of Beasts
 10300 | Lair:1   | Reached skill level 10 in Fighting
 10372 | Lair:1   | Noticed Nergalle
 10473 | D:10     | Entered Level 10 of the Dungeon
 10506 | D:10     | Noticed Sonja
 10533 | D:9      | Bought the amulet "Coibrih" {Reflect rC+ SH+5} for 440 gold
                  | pieces
 10577 | D:10     | Noticed a manticore
 10586 | D:10     | Killed a manticore
 10973 | Lair:1   | Killed Nergalle
 11118 | Lair:1   | Reached skill level 11 in Axes
 11125 | Lair:1   | Mangled by a komodo dragon

Illustrated notes

Levels and vault maps discovered:
D:1:      lightli_arrival_chessboard, layout_loops_ring,
          minmay_gold_behind_fungi, minmay_misc_feat_cross
D:2:      minmay_skewed_foursquare, layout_basic, nrook_loot_triangle,
          minmay_split_cup_small
D:3:      layout_rooms, minmay_fractal_squares_diagonal_5
D:4:      layout_basic, nemelex_lonely_heart_becter, uniq_duvessa, uniq_pikel
D:5:      layout_loops_cross, portal_sewer_entry_d
D:6:      layout_rooms, serial_park_tiny_pond, yredelemnul_altar_generic,
          uniq_eustachio
D:7:      layout_loops_corners, minmay_temple_entry_gardened_gates,
          serial_shops, nicolae_shop_temple_entry_statues_fountains,
          dk_vineyard_3, uniq_harold
D:8:      layout_loops_cross
D:9:      cheibrodos_wizards_tower, layout_cave_pods, tso_oasis_becter,
          grunt_lair_entry_orc_guard_hut
D:10:     minmay_diamond_stairs, layout_cave_pods, minmay_another_anthill,
          uniq_sonja
Temple:   minmay_crystal_snake_temple
Lair:1:   layout_cave_pods, cheibrodos_lair_reptile_den, uniq_nergalle

Skill      XL: |  1  2  3  4  5  6  7  8  9 10 11 |
---------------+----------------------------------+-----
Maces & Flails | 2 3 |  3.4
Armour         | 1 2 3 4 6 7 8 |  8.1
Fighting       | 4 5 7 8 9 10 | 10.0
Axes           | 1 2 4 6 8 10 11 | 11.0
Dodging        | |  1.7
Stealth        | |  5.8

Action                   |  1- 3 |  4- 6 |  7- 9 | 10-12 || total
-------------------------+-------+-------+-------+-------++-------
Melee: Mace              |   122 |   121 |       |       ||   243
       War axe           |       |    48 |   190 |   262 ||   500
Throw: Dart              |     4 |     7 |     3 |       ||    14
Invok: Call Merchant     |       |       |       |     1 ||     1
Evoke: Lightning rod     |       |       |       |     1 ||     1
  Use: Scroll            |       |     3 |    13 |     3 ||    19
       Potion            |       |       |     2 |     2 ||     4
 Stab: Sleeping          |     7 |     4 |     7 |     7 ||    25
       Distracted        |     1 |       |       |     1 ||     2
Armor: Leather armour    |    56 |    45 |    46 |       ||   147
       Ring mail         |       |       |     8 |   110 ||   118
Dodge: Dodged            |    80 |   134 |   107 |   151 ||   472
Block: Other             |       |       |       |     7 ||     7
